 Dungeon Crawl Stone Soup version 0.18.1-5-g4a78601 (webtiles) character file.

98 zarick13 the Ruffian (level 4, 0/38 HPs)
             Began as a Ghoul Abyssal Knight on May 14, 2016.
             Was a Follower of Lugonu.
             Slain by an orc wizard
             ... wielding a +0 dagger
              (1 damage)
             ... on level 3 of the Dungeon.
             The game lasted 00:03:40 (1365 turns).

zarick13 the Ruffian (Ghoul Abyssal Knight)         Turns: 1365, Time: 00:03:41

Health: 0/38       AC:  3    Str: 15    XL:     4   Next: 69%
Magic:  4/4        EV: 11    Int:  7    God:    Lugonu [*.....]
Gold:   112        SH:  0    Dex:  9    Spells: 0 memorised, 3 levels left

rFire  . . .     SeeInvis .       - Unarmed
rCold  + . .     Gourm    .     a - +0 leather armour
rNeg   + + +     Faith    .     (no shield)
rPois  ∞         Spirit   .     (no helmet)
rElec  .         Dismiss  .     (no cloak)
rCorr  .         Reflect  .     (no gloves)
SustAt .         Harm     .     (no boots)
MR     .....                    (no amulet)
Stlth  +.........               (no ring)
                                (no ring)

@: rotting, not resistant to hostile enchantments, very unstealthy
A: rotting body, claws 1, carnivore 3, cold resistance 1, negative energy
resistance 3, slow regeneration 1, torment resistance, unbreathing
a: Depart the Abyss, Renounce Religion


You were on level 3 of the Dungeon.
You worshipped Lugonu.
Lugonu was aware of your devotion.
You were not hungry.

You visited 1 branch of the dungeon, and saw 3 of its levels.
You visited the Abyss 1 time.

You collected 112 gold pieces.


Innate Abilities, Weirdness & Mutations

Your body is rotting away.
You thrive on raw meat.
You are immune to poison.
You have sharp fingernails.
You are carnivorous and can eat meat at any time.
Your flesh is cold resistant.
You are immune to negative energy.
You regenerate slowly when monsters are visible.
You are immune to unholy pain and torment.
You can survive without breathing.


   Skills:
 - Level 3.2 Fighting
 - Level 1.7 Armour
 - Level 0.8 Dodging
 + Level 5.2 Unarmed Combat
 - Level 2.0 Invocations


You had 3 spell levels left.
You didn't know any spells.

Inventory:

Armour
 a - a +0 leather armour (worn)
Scrolls
 d - a scroll of blinking
 f - 2 scrolls of amnesia
 g - a scroll of enchant weapon
 i - a scroll of remove curse
Potions
 e - a potion of degeneration {unknown}
 h - 2 potions of curing {@q1}
 j - 2 potions of cancellation
 k - a potion of haste {@q3}
 m - a potion of berserk rage {unknown}
 n - 2 potions of invisibility
Comestibles
 b - 3 meat rations
 l - a chunk of flesh

Dungeon Overview and Level Annotations

Branches:
Dungeon (3/15)

Altars:
Pakellas

####### #.# {.####
#.....# #.# .....#
#.###.####.# #.##.#
#.#........#
#.##o##.###.#.#.######
#......o........#
.##.##J#########
#.#.##.##{#
#......)@.#
###########


You could see an ooze and an orc.


Message History

You scratch the orc priest but do no damage.
The orc priest miscasts a cantrip.
Something hits you but does no damage.
You claw the orc priest!
The orc priest is heavily wounded.
The orc priest hits you with a club.
* * * LOW HITPOINT WARNING * * *
Something hits you.
* * * LOW HITPOINT WARNING * * *
An orc comes into view. It is wielding a dagger.
You closely miss the orc priest.
The orc priest is heavily wounded.
The orc moves out of view.
The orc priest hits you but does no damage.
You barely miss the orc priest.
The orc priest is heavily wounded.
Something hits you.
* * * LOW HITPOINT WARNING * * *
The orc priest mumbles some strange prayers to Beogh against you.
Beogh smites you!
* * * LOW HITPOINT WARNING * * *
You scratch the orc priest.
You kill the orc priest!
Lugonu accepts your kill.
Your Unarmed Combat skill increases to level 5!
Something hits you.
* * * LOW HITPOINT WARNING * * *
You barely miss something. Something hits you but does no damage.
You miss something. Something hits you.
You die...

Action                   |  1- 3 |  4- 6 || total
-------------------------+-------+-------++-------
Melee: Unarmed           |   119 |    24 ||   143
       Punch             |     1 |       ||     1
Invok: Depart the Abyss  |     1 |       ||     1
  Use: Scroll            |     8 |     2 ||    10
  Eat: Chunk             |    11 |     2 ||    13
Armor: Leather armour    |    25 |     4 ||    29
Dodge: Dodged            |    68 |     7 ||    75

Vault maps used:
D:1:      tarquinn_simple_flora_water_a, st_stairs_10
D:2:      lemuel_round_altar, first_bread, uniq_iyjb
D:3:      ecumenical_altar_1

Notes
Turn   | Place    | Note
--------------------------------------------------------------
     0 | Abyss:1  | zarick13 the Ghoul Abyssal Knight began the quest for the Orb.
     0 | Abyss:1  | Reached XP level 1. HP: 19/19 MP: 1/1
    43 | Abyss:1  | Noticed a chaos spawn
    45 | D:1      | Escaped the Abyss
   176 | D:1      | Reached XP level 2. HP: 25/26 MP: 2/2
   211 | D:1      | Reached skill level 3 in Unarmed Combat
   429 | D:1      | Reached * piety under Lugonu
   657 | D:2      | Found an oddly glowing altar of Pakellas.
   695 | D:2      | Noticed Ijyb
   711 | D:2      | Killed Ijyb
   711 | D:2      | Reached skill level 4 in Unarmed Combat
   711 | D:2      | Reached XP level 3. HP: 27/31 MP: 3/3
  1203 | D:2      | Reached XP level 4. HP: 36/38 MP: 4/4
  1362 | D:3      | HP: 2/38 [orc priest/divine providence (11)]
  1363 | D:3      | Reached skill level 5 in Unarmed Combat
  1365 | D:3      | Slain by an orc wizard

Vanquished Creatures
  An orc priest (D:3)
  Ijyb (D:2)
  An ooze (D:2)
  A dart slug (D:2)
  2 giant geckos (D:1)
  An orc (D:3)
  5 bats
  2 giant cockroaches (D:1)
  4 goblins
  5 hobgoblins
  2 kobolds (D:1)
  A quokka (D:3)
  A giant newt (D:1)
  4 rats
31 creatures vanquished.
